 Dungeon Crawl Stone Soup version 0.30-a0-696-g2367cd04db (webtiles) character file.

Game seed: 5604165655552907827

108 Newt the Chucker (level 4, 0/33 HPs)
             Began as a Demonspawn Gladiator on Jan 20, 2023.
             Slain by a gnoll
             ... wielding a +0 halberd
              (6 damage)
             ... on level 3 of the Dungeon.
             The game lasted 00:02:14 (2324 turns).

Newt the Chucker (Demonspawn Gladiator)             Turns: 2324, Time: 00:02:15

Health: 0/33       AC:  7    Str: 16    XL:     4   Next: 58%
Magic:  4/4        EV: 12    Int: 10    God:
Gold:   91         SH:  0    Dex: 14    Spells: 3/3 levels left

rFire   . . .      SeeInvis .    l - +0 whip (venom)
rCold   . . .      Faith    .    (no shield)
rNeg    . . .      Spirit   .    b - +0 leather armour
rPois   .          Reflect  .    c - +0 helmet
rElec   .          Harm     .    (no cloak)
rCorr   .          Rampage  .    (no gloves)
Will    .....                    f - +2 pair of boots
Stlth   ++                       (no amulet)
HPRegen 0.25/turn                (no ring)
MPRegen 0.18/turn                (no ring)

@: no status effects
A: magic regeneration
a: no special abilities


You were on level 3 of the Dungeon.
You visited 1 branch of the dungeon, and saw 3 of its levels.

You collected 91 gold pieces.

Inventory:

Hand Weapons
 a - a +0 rapier
 l - a +0 whip of venom (weapon)
 n - a +3 whip
Missiles
 d - 3 throwing nets
 e - 5 javelins (quivered)
 m - 8 poisoned darts
Armour
 b - a +0 leather armour (worn)
 c - a +0 helmet (worn)
 f - a +2 pair of boots (worn)
Jewellery
 h - a ring of ice
Scrolls
 g - 3 scrolls of identify
 k - a scroll of magic mapping
Potions
 i - 2 potions of magic {unknown}
 j - a potion of curing {unknown}


   Skills:
 - Level 2.0 Fighting
 - Level 2.6 Short Blades
 + Level 3.3 Throwing
 - Level 2.6 Dodging
 - Level 3.0 Stealth


You had 3 spell levels left.
You didn't know any spells.
Your spell library was empty.

Dungeon Overview and Level Annotations

Branches:
Dungeon (3/15)

Altars:

Shops:
D:1 :


Innate Abilities, Weirdness & Mutations

You regenerate magic rapidly.


Message History

You climb downwards.
The gnoll hits you with a +0 whip.
A frilled lizard comes into view.
The gnoll hits you with a +0 whip.
There is a stone staircase leading up here.
The frilled lizard hisses angrily.
The gnoll hits you but does no damage.
You climb upwards.
There is a stone staircase leading down here.
You barely miss the gnoll. The gnoll closely misses you.
You hit the gnoll but do no damage.
The gnoll is poisoned.
The gnoll hits you but does no damage.
You hit the gnoll but do no damage.
The gnoll looks even sicker.
The gnoll is lightly wounded.
The gnoll misses you.
You hit the gnoll.
The gnoll looks as sick as possible!
The gnoll is moderately wounded.
The gnoll barely misses you.
You hit the gnoll.
The gnoll is moderately wounded.
The gnoll hits you with a +0 whip.
You closely miss the gnoll.
The gnoll is moderately wounded.
The gnoll closely misses you.
You hit the gnoll but do no damage.
The gnoll looks as sick as possible!
The gnoll is heavily wounded.
The gnoll barely misses you. The gnoll hits you but does no damage.
You hit the gnoll.
You kill the gnoll!
You climb downwards.
The frilled lizard closely misses you.
There is a stone staircase leading up here.
You hit the frilled lizard.
The frilled lizard is poisoned.
The frilled lizard is heavily wounded.
You kill the frilled lizard!
The gnoll hits you with a +0 halberd!
You hit the gnoll.
The gnoll is moderately wounded.
The gnoll hits you with a +0 halberd!
* * * LOW HITPOINT WARNING * * *
The gnoll hits you with a +0 halberd.
You die...

.#.. .... .. #..
..##.. #..#####
......
##.....####..#...
##..............##
#....†....#....!.#
#...<)...........#
#...@).g.?........
#......g............
###.........#.......
#.................
.....!.....##....#.
..#.........# .....#
#.......!........gg..
.......<....... ..##.
....... ..#


You could see 2 gnolls.

Vanquished Creatures
  2 gnolls
  4 adders (D:2)
  A dart slug (D:2)
  4 endoplasms
  A giant cockroach (D:2)
  4 goblins
  4 hobgoblins
  7 jackals (D:2)
  7 kobolds
  3 quokkas
  A ball python (D:1)
  3 bats
  3 frilled lizards
  6 rats
50 creatures vanquished.

Notes
Turn   | Place    | Note
-------+----------+-------------------------------------------
     0 | D:1      | Newt the Demonspawn Gladiator began the quest for the Orb.
     0 | D:1      | Reached XP level 1. HP: 16/16 MP: 1/1
   214 | D:1      | Reached skill level 1 in Stealth
   489 | D:1      | Gained mutation: You regenerate magic rapidly. [demonic
                  | ancestry]
   489 | D:1      | Reached XP level 2. HP: 22/22 MP: 2/2
   600 | D:1      | Found Zororoy's Book Shop.
   903 | D:2      | Reached XP level 3. HP: 7/27 MP: 3/3
  1636 | D:2      | Reached XP level 4. HP: 28/33 MP: 4/4
  2324 | D:3      | Slain by a gnoll

Illustrated notes

Levels and vault maps discovered:
D:1:      minmay_arrival_three_doors, layout_basic, serial_shops,
          nicolae_shop_hallway_plus
D:2:      layout_basic
D:3:      layout_rooms

Skill      XL: |  1  2  3  4 |
---------------+-------------+-----
Stealth        | 1 2 3 |  3.0
Throwing       | 2 3 |  3.3
Fighting       | |  2.0
Short Blades   | |  2.6
Dodging        | |  2.6

Action                   |  1- 3 |  4- 6 || total
-------------------------+-------+-------++-------
Melee: Rapier            |   102 |       ||   102
       Whip              |     7 |    59 ||    66
Throw: Javelin           |     9 |       ||     9
  Use: Scroll            |     3 |       ||     3
 Stab: Sleeping          |     1 |     1 ||     2
Armor: Leather armour    |    58 |    20 ||    78
Dodge: Dodged            |    87 |    40 ||   127

Table legend: (Time is in decaauts)
 A = Elapsed time spent in this place.
 B = Non-inter-level travel time spent in this place.
 C = Inter-level travel time spent in this place.
 D = Time resting spent in this place.
 E = Time spent auto-exploring this place.
 F = Levels seen in this place.
 G = Mean time per level.
                   A        B        C        D        E       F      G
               +--------+--------+--------+--------+--------+-----+--------+
         Total |   2342 |   2288 |     54 |    542 |   1331 |   3 |  780.7 |
       Dungeon |   2342 |   2288 |     54 |    542 |   1331 |   3 |  780.7 |
               +--------+--------+--------+--------+--------+-----+--------+

Top non-repeatable levels by time:
     D:2: 1478 daAuts
     D:1: 814 daAuts
     D:3: 48 daAuts
